 Dungeon Crawl Stone Soup version 0.19.5 (webtiles) character file.

114 tricornhat the Cudgeler (level 4, -3/36 HPs)
             Began as a Demonspawn Berserker on Mar 21, 2017.
             Was a Believer of Trog.
             Killed from afar by an orc wizard (11 damage)
             ... with a puff of flame
             ... on level 2 of the Dungeon.
             The game lasted 00:12:19 (2562 turns).

tricornhat the Cudgeler (Demonspawn Berserker)      Turns: 2562, Time: 00:12:20

Health: -3/36      AC:  5    Str: 19    XL:     4   Next: 67%
Magic:  4/4        EV: 12    Int:  8    God:    Trog [**....]
Gold:   118        SH:  0    Dex: 12    Spells: 0 memorised, 3 levels left

rFire  . . .     SeeInvis .     a - +0 mace
rCold  . . .     Gourm    .     b - +0 animal skin
rNeg   . . .     Faith    .     (no shield)
rPois  .         Spirit   .     (no helmet)
rElec  .         Reflect  .     (no cloak)
rCorr  .         Harm     .     m - +0 pair of gloves
MR     .....                    (no boots)
Stlth  +.........               (no amulet)
                                (no ring)
                                (no ring)

@: drained
A: rugged brown scales 2, spiny 1
a: Berserk, Trog's Hand, Burn Spellbooks, Renounce Religion


You were on level 2 of the Dungeon.
You worshipped Trog.
Trog was pleased with you.
You were not hungry.

You visited 1 branch of the dungeon, and saw 3 of its levels.

You collected 118 gold pieces.

Inventory:

Hand Weapons
 a - a +0 mace (weapon)
Armour
 b - a +0 animal skin (worn)
 m - a +0 pair of gloves (worn)
Jewellery
 j - an uncursed amulet of regeneration {unknown}
Scrolls
 d - a scroll of amnesia {unknown}
 g - a scroll of recharging {unknown}
 h - a scroll of enchant armour {unknown}
 i - a scroll of noise {unknown}
 k - a scroll of random uselessness {unknown}
 l - 3 scrolls of identify {unknown}
 q - a scroll of fog {unknown}
 s - a scroll of magic mapping {unknown}
Potions
 e - a potion of invisibility {unknown}
 f - 2 potions of mutation {unknown}
 n - a potion of heal wounds {unknown}
 o - a potion of agility {unknown}
 p - a potion of might {unknown}
 t - a potion of curing
Comestibles
 c - a bread ration
 r - a slice of pizza
 u - 3 chunks of flesh


   Skills:
 + Level 3.5(3.0) Fighting
 * Level 4.2(3.7) Maces & Flails
 + Level 2.0(1.5) Armour
 + Level 2.4(1.9) Dodging
 - Level 0.2(0.0) Stealth


You had 3 spell levels left.
You didn't know any spells.

Dungeon Overview and Level Annotations

Branches:
Dungeon (3/15)

Altars:
Okawaru


Innate Abilities, Weirdness & Mutations

You are mostly covered in rugged brown scales. (AC +2, +5% HP)
You are partially covered in sharp spines.


Message History

Things that are here:
a dagger; a leather armour
There is a stone staircase leading up, spattered with blood here.
Something hits you. The orc wizard barely misses you.
You climb upwards.
There is a stone staircase leading down here.
You barely miss the orc wizard.
The orc wizard is moderately wounded.
Something hits you but does no damage. The orc wizard misses you.
Something hits you.
* * * LOW HITPOINT WARNING * * *
You hit the orc wizard.
The orc wizard is moderately wounded.
The orc wizard mumbles some strange words.
The orc wizard blinks!
Something hits you but does no damage.
You closely miss something. Something hits you but does no damage.
You hear some strange, mumbled words.
A puff of flame appears from out of thin air!
The puff of flame hits you!
You die...

##################
...............{@#
################ยง####
############..).....#
..............o.....#
........)...........#
............####'####
............#
#.########
............#
#........#
............#
#######.##


You could see an orc wizard.

Vanquished Creatures
  An orc wizard (D:3)
  An adder (D:2)
  A worm (D:2)
  A dart slug (D:2)
  2 leopard geckos
  4 orcs (D:3)
  A ball python (D:2)
  4 bats
  2 giant cockroaches
  6 goblins
  10 hobgoblins
  11 jackals (D:1)
  5 frilled lizards
  7 kobolds
  5 rats
61 creatures vanquished.

Notes
Turn   | Place    | Note
-------+----------+-------------------------------------------
     0 | D:1      | tricornhat the Demonspawn Berserker began the quest for the Orb.
     0 | D:1      | Reached XP level 1. HP: 18/18 MP: 1/1
   373 | D:1      | Gained mutation: You are partially covered in sharp spines. [demonic ancestry]
   373 | D:1      | Reached XP level 2. HP: 19/24 MP: 2/2
   507 | D:1      | Reached skill level 3 in Maces & Flails
   804 | D:1      | Gained mutation: You are partially covered in rugged brown scales. (AC +1, +3% HP) [demonic ancestry]
   804 | D:1      | Reached XP level 3. HP: 3/29 MP: 3/3
  1094 | D:1      | Reached ** piety under Trog
  2191 | D:2      | Gained mutation: You are mostly covered in rugged brown scales. (AC +2, +5% HP) [demonic ancestry]
  2191 | D:2      | Reached XP level 4. HP: 18/36 MP: 4/4
  2515 | D:3      | Found an iron altar of Okawaru.
  2543 | D:3      | Reached skill level 4 in Maces & Flails
  2562 | D:2      | Killed from afar by an orc wizard

Skill      XL: |  1  2  3  4 |
---------------+-------------+-----
Dodging        | 2 |  2.4
Maces & Flails | 3 4 |  4.2
Armour         | 2 |  2.0
Fighting       | |  3.5
Stealth        | |  0.2

Action                   |  1- 3 |  4- 6 || total
-------------------------+-------+-------++-------
Melee: Mace              |   128 |    24 ||   152
  Use: Potion            |     1 |       ||     1
  Eat: Chunk             |     4 |     1 ||     5
Armor: Animal skin       |    35 |     4 ||    39
Dodge: Dodged            |   103 |    11 ||   114
